 Dungeon Crawl Stone Soup version 0.16-a0-3061-g1c4ddba (webtiles) character file.

1137 DEFE the Carver (level 8, -4/54 HPs)
             Began as a High Elf Skald on Dec 9, 2014.
             Was a Follower of Ashenzari.
             Shot with a sling bullet by Joseph (7 damage)
             ... on level 7 of the Dungeon on Dec 10, 2014.
             The game lasted 00:35:02 (13200 turns).

DEFE the Carver (High Elf Skald)                   Turns: 13200, Time: 00:35:03

Health: -4/54      AC: 16    Str: 13    XL:     8   Next: 14%
Magic:  18/18      EV:  5    Int: 16    God:    Ashenzari [*.....]
Gold:   310        SH:  0    Dex: 15    Spells: 1 memorised, 10 levels left

rFire  . . .     SeeInvis .     s - +0 falchion
rCold  . . .     Clarity  .     i - +0 plate armour
rNeg   . . .     SustAb   .     (no shield)
rPois  .         Gourm    .     v - +2 helmet
rElec  .         Spirit   .     (no cloak)
rCorr  .         Warding  .     m - +0 pair of gloves
rMut   .         Stasis   .     (no boots)
MR     .....                    (no amulet)
Stlth  ..........               (no ring)
                                u - ring of stealth

@: not resistant to hostile enchantments, extremely unstealthy
A: no striking features
a: Renounce Religion


You were on level 7 of the Dungeon.
You worshipped Ashenzari.
Ashenzari was aware of your devotion.
You were not hungry.

You visited 1 branch of the dungeon, and saw 7 of its levels.
You also visited: Sewer.

You collected 310 gold pieces.

Inventory:

Hand weapons
 a - a +0 falchion
 r - a +0 blowgun
 s - a +0 falchion (weapon)
Missiles
 y - 4 poisoned needles
Armour
 b - a +0 leather armour
 i - a +0 plate armour (worn)
 m - a +0 pair of gloves (worn)
 v - a +2 helmet (worn)
Jewellery
 u - a ring of stealth (left hand)
 G - an uncursed ring of ice
Scrolls
 f - 2 scrolls of teleportation
 g - a scroll of remove curse
 h - a scroll of enchant weapon {unknown}
 j - a scroll of identify {unknown}
 k - a scroll of blinking {unknown}
 o - 2 scrolls of magic mapping
 p - a scroll of noise
 w - a scroll of enchant armour {unknown}
 z - a scroll of fear {unknown}
 A - a scroll of amnesia {unknown}
 B - 4 scrolls of fog
 F - a scroll of summoning {unknown}
 H - a scroll of random uselessness {unknown}
Potions
 l - a potion of heal wounds {unknown}
 n - a potion of haste {unknown}
 q - 2 potions of brilliance
 t - 2 potions of poison
 C - a potion of curing
 D - a potion of restore abilities {unknown}
 E - 3 potions of magic {unknown}
Books
 c - a book of Battle

   Spells                             Type                      Level
   a - Infusion                       Charms                       1
   b - Shroud of Golubria             Charms/Translocation         2
   c - Song of Slaying                Charms                       2
   d - Spectral Weapon                Hexes/Charms                 3
   e - Regeneration                   Charms/Necromancy            3
 e - a Young Poisoner's Handbook

   Spells                             Type                      Level
   a - Sting                          Conjuration/Poison           1
   b - Cure Poison                    Poison                       2
   c - Mephitic Cloud                 Conjuration/Poison/Air       3
   d - Olgreb's Toxic Radiance        Poison                       4
   e - Venom Bolt                     Conjuration/Poison           5
Comestibles
 d - 2 bread rations


   Skills:
 + Level 4.6 Fighting
 * Level 8.2 Long Blades
 + Level 3.7 Armour
 - Level 4.0 Dodging
 - Level 2.4 Spellcasting
 - Level 3.8 Charms


You had 10 spell levels left.
You knew the following spells:

 Your Spells              Type           Power        Failure   Level  Hunger
a - Infusion              Chrm           ##....       100%        1    #......


Dungeon Overview and Level Annotations

Branches:
Dungeon (7/15)
 Temple: D:4-7

Altars:
Ashenzari
Elyvilon
Gozag
Makhleb
Vehumet
Xom

Annotations:
D:3 Ijyb; Kemay's ghost, average OpTm; Sigmund
D:5 Edmund
D:7 Joseph


Message History

You hit Joseph but do no damage. You hit Joseph.
Joseph is lightly wounded.
Joseph barely misses you.
You closely miss Joseph.
Joseph is lightly wounded.
Joseph hits you with an uncursed quarterstaff of speed!
You hit Joseph but do no damage.
Joseph is lightly wounded.
Joseph hits you but does no damage.
Joseph unwields an uncursed quarterstaff of speed.
Joseph wields an uncursed hunting sling of flaming.
It bursts into flame!
Joseph shoots a sling bullet.
The sling bullet hits you. The sling bullet burns you.
* * * LOW HITPOINT WARNING * * *
You see here a sling bullet.
Joseph shoots a sling bullet.
The sling bullet hits you!
* * * LOW HITPOINT WARNING * * *
The sling bullet burns you!
You die...

#.......# #.......#
#.......# #.......#
.. #.......#
....######@..#
........(....#
........(....#####
........@..........
....####.#...#####
.. #)##### #.# ####
###.# ... #...#
##.###.###
#....#'## #.......#


You could see Joseph.

Vanquished Creatures
  A phantom (D:6)
  2 centaurs (D:6)
  An ogre (D:4)
  2 giant frogs (Sewer)
  2 crimson imps
  A centaur skeleton (D:6)
  An iguana (D:5)
  2 giant frog skeletons
  2 orc wizards (D:5)
  2 worker ants
  Jessica (D:3)
  8 adders
  4 gnolls (D:4)
  5 river rats (Sewer)
  A giant mite (D:4)
  7 worms
  6 giant geckos
  2 oozes (Sewer)
  18 orcs
  12 bats
  A bat skeleton (D:4)
  9 giant cockroaches
  19 goblins
  12 hobgoblins
  10 jackals
  11 kobolds
  4 quokkas
  15 ball pythons (Sewer)
  11 giant newts
  A quokka skeleton (D:3)
  35 rats
  6 ballistomycetes (D:6)
214 creatures vanquished.

Vanquished Creatures (others)
  A giant spore (D:6)
1 creature vanquished.

Grand Total: 215 creatures vanquished

Notes
Turn   | Place    | Note
--------------------------------------------------------------
     0 | D:1      | DEFE, the High Elf Skald, began the quest for the Orb.
     0 | D:1      | Reached XP level 1. HP: 14/14 MP: 4/4
   124 | D:1      | Upgraded the game from 0.16-a0-3049-g2a447e9 to 0.16-a0-3061-g1c4ddba
   730 | D:1      | Reached XP level 2. HP: 16/19 MP: 6/6
   914 | D:1      | Reached skill level 1 in Armour
  2247 | D:2      | Reached XP level 3. HP: 15/24 MP: 8/8
  2464 | D:2      | Found a shattered altar of Ashenzari.
  2549 | D:2      | Became a worshipper of Ashenzari the Shackled
  2922 | D:2      | Found a radiant altar of Vehumet.
  2945 | D:2      | Reached XP level 4. HP: 26/30 MP: 11/11
  3407 | D:2      | Reached skill level 4 in Long Blades
  3973 | D:3      | Found a shimmering altar of Xom.
  3973 | D:3      | Noticed Kemay's ghost (average OpTm)
  4278 | D:3      | Found a burning altar of Makhleb.
  4779 | D:3      | Noticed Jessica
  4785 | D:3      | Killed Jessica
  4785 | D:3      | Reached XP level 5. HP: 26/36 MP: 12/12
  5600 | D:3      | Noticed Ijyb
  5603 | D:3      | Noticed Sigmund
  5704 | D:4      | Found a white marble altar of Elyvilon.
  5749 | D:4      | Noticed an ogre
  6091 | D:4      | Reached skill level 5 in Long Blades
  7134 | D:5      | Entered Level 5 of the Dungeon
  7245 | D:5      | Noticed an ogre
  7308 | D:4      | Killed an ogre
  7308 | D:4      | Reached XP level 6. HP: 19/42 MP: 15/15
  8407 | D:5      | Reached skill level 6 in Long Blades
  8747 | D:5      | Found an opulent altar of Gozag.
  8835 | D:5      | HP: 2/42 [iguana (8)]
  8851 | D:5      | Reached XP level 7. HP: 18/47 MP: 17/17
  9175 | D:5      | Noticed Edmund
  9615 | D:6      | Found a glowing drain.
  9621 | Sewer    | Entered a sewer
 11333 | Sewer    | Reached skill level 7 in Long Blades
 12241 | D:6      | Reached XP level 8. HP: 24/54 MP: 18/18
 12518 | D:6      | Reached skill level 8 in Long Blades
 13174 | D:7      | Noticed Joseph
 13200 | D:7      | Shot with a sling bullet by Joseph

Action                   |  1- 3 |  4- 6 |  7- 9 || total
-------------------------+-------+-------+-------++-------
Melee: Falchion          |   252 |   642 |   490 ||  1384
  Use: Scroll            |       |     3 |     4 ||     7
       Potion            |       |     3 |     6 ||     9
  Eat: Meat ration       |     1 |       |     2 ||     3
       Chunk             |     1 |    15 |     6 ||    22
       Beef jerky        |       |     2 |     2 ||     4
       Pizza             |       |     1 |       ||     1
